 Dungeon Crawl Stone Soup version 0.26-a0-834-g69557b85cc (webtiles) character file.

Game seed: 14007108348439145421

326 snetch the Chopper (level 6, -1/55 HPs)
             Began as a Hill Orc Monk on Nov 17, 2020.
             Slain by a centaur skeleton (7 damage)
             ... on level 5 of the Dungeon.
             The game lasted 00:08:32 (3931 turns).

snetch the Chopper (Hill Orc Monk)                  Turns: 3931, Time: 00:08:33

Health: -1/55      AC:  9    Str: 16    XL:     6   Next: 49%
Magic:  6/6        EV: 11    Int: 10    God:
Gold:   216        SH:  3    Dex: 13    Spells: 5/5 levels left

rFire    + . .     SeeInvis .   a - +0 hand axe
rCold    x . .     Faith    .   j - +0 buckler
rNeg     . . .     Spirit   .   n - +0 ring mail
rPois    .         Reflect  .   (no helmet)
rElec    .         Harm     .   k - +0 cloak
rCorr    .         Rampage  .   y - +2 pair of gloves
MR       .....                  (no boots)
Stlth    +.........             (no amulet)
HPRegen  0.18/turn              m - ring of wizardry
MPRegen  0.10/turn              A - ring of fire (curse)

@: lethally poisoned (-1 -> -5)
A: no striking features
a: no special abilities


You were on level 5 of the Dungeon.
You visited 1 branch of the dungeon, and saw 5 of its levels.

You collected 216 gold pieces.

Inventory:

Hand Weapons
 a - a +0 hand axe (weapon)
 v - a +0 trident
 C - a +0 flail
Missiles
 d - 84 stones
 f - 12 poisoned darts (quivered)
 h - 54 bolts
 l - 56 arrows
 t - 5 boomerangs
Armour
 j - a +0 buckler (worn)
 k - a +0 cloak (worn)
 n - a +0 ring mail (worn)
 y - a +2 pair of gloves (worn)
Jewellery
 m - a ring of wizardry (left hand)
 A - a cursed ring of fire (right hand)
 B - an uncursed ring of wizardry
Wands
 u - a wand of digging (5)
Scrolls
 o - 5 scrolls of identify {unknown}
 p - a scroll of enchant weapon {unknown}
 q - 5 scrolls of teleportation
 r - 3 scrolls of remove curse {unknown}
 w - a scroll of blinking {unknown}
 x - a scroll of random uselessness {unknown}
 D - a scroll of amnesia {unknown}
 E - a scroll of immolation {unknown}
Potions
 b - a potion of berserk rage {unknown}
 c - a potion of flight {unknown}
 e - 2 potions of might {unknown}
 g - a potion of degeneration {unknown}
 i - a potion of attraction {unknown}
 s - 3 potions of lignification {unknown}
 z - 3 potions of heal wounds {unknown}


   Skills:
 + Level 4.8 Fighting
 + Level 6.5 Axes
 + Level 2.5 Armour
 + Level 3.3 Dodging
 + Level 2.0 Stealth
 + Level 0.9 Shields


You had 5 spell levels left.
You didn't know any spells.
Your spell library was empty.

Dungeon Overview and Level Annotations

Branches:
Dungeon (5/15)
 Temple: D:4-7

Altars:

Annotations:
D:1 deep water


Message History

You feel sick.
Your surroundings suddenly seem different.
A centaur skeleton comes into view.
Found a stone staircase leading down.
A frilled lizard comes into view.
You feel sick.
The frilled lizard hisses angrily.
You barely miss the frilled lizard.
You feel sick. The frilled lizard closely misses you.
You closely miss the frilled lizard.
The frilled lizard bites you but does no damage.
You hit the frilled lizard.
You kill the frilled lizard!
You feel sick.
You hit the centaur skeleton.
The centaur skeleton is lightly damaged.
The centaur skeleton hits you.
* * * LOW HITPOINT WARNING * * *
The centaur skeleton hits you!
You die...

.......
#..#
###....
#..#
....... #
#...
.......
###.#..##
.......
...#...# #
.......
.....#.#
!......
#.....#.≈≈
...+##+
#.@......≈
≈!.
#.Z.......
≈.
#.........
#......###
#....>.#
#......#
#.......#
#........
#........


You could see a centaur skeleton.

Vanquished Creatures
  A scorpion (D:5)
  A hound (D:4)
  An orc wizard (D:4)
  Natasha (thrice) (D:2)
  A worker ant (D:4)
  3 adders
  An adder zombie (D:1)
  A worm (D:3)
  2 dart slugs (D:1)
  3 leopard geckos
  6 orcs
  3 ball pythons
  2 giant cockroaches
  11 goblins
  12 hobgoblins
  5 kobolds (D:1)
  A quokka (D:4)
  5 bats
  6 frilled lizards
  A leopard gecko zombie (D:1)
  7 rats
76 creatures vanquished.

Notes
Turn   | Place    | Note
-------+----------+-------------------------------------------
     0 | D:1      | snetch the Hill Orc Monk began the quest for the Orb.
     0 | D:1      | Reached XP level 1. HP: 19/19 MP: 1/1
   219 | D:1      | Reached XP level 2. HP: 25/27 MP: 2/2
   371 | D:1      | Reached XP level 3. HP: 8/33 MP: 3/3
   682 | D:2      | Noticed Natasha
   695 | D:2      | Killed Natasha
   696 | D:2      | Reached skill level 5 in Axes
   893 | D:1      | Reached XP level 4. HP: 41/41 MP: 4/4
   939 | D:1      | You fall into a shaft and drop 1 floor!
  2038 | D:2      | Noticed Natasha
  2057 | D:2      | Killed Natasha
  2058 | D:2      | Reached skill level 1 in Armour
  2058 | D:2      | Reached XP level 5. HP: 29/47 MP: 5/5
  2294 | D:2      | Noticed Natasha
  2319 | D:2      | Killed Natasha
  3376 | D:4      | Reached skill level 6 in Axes
  3823 | D:4      | Reached XP level 6. HP: 47/53 MP: 6/6
  3885 | D:5      | Entered Level 5 of the Dungeon
  3931 | D:5      | Slain by a centaur skeleton

Illustrated notes

Levels and vault maps discovered:
D:1:      saegor_arrival_fortress, layout_rooms, minmay_door_square,
          minmay_circled_x
D:2:      layout_basic, uniq_natasha
D:3:      layout_rooms
D:4:      layout_loops_corners, kennysheep_mini, fedhas_ov_isle_minmay
D:5:      minmay_recursive_quarters, layout_basic, lemuel_crystal_altar,
          nicolae_ossuary_entry_plus, dk_vineyard_3, uniq_blork_the_orc,
          uniq_grinder

Skill      XL: |  1  2  3  4  5  6 |
---------------+-------------------+-----
Fighting       | 4 |  4.8
Axes           | 5 6 |  6.5
Armour         | 1 2 |  2.5
Dodging        | 3 |  3.3
Stealth        | 2 |  2.0
Shields        | |  0.9

Action                   |  1- 3 |  4- 6 || total
-------------------------+-------+-------++-------
Melee: Hand axe          |    82 |   255 ||   337
  Use: Potion            |     1 |       ||     1
       Scroll            |       |     1 ||     1
 Stab: Sleeping          |     1 |     2 ||     3
Armor: Robe              |    21 |     1 ||    22
       Ring mail         |       |    62 ||    62
Dodge: Dodged            |    63 |   119 ||   182
Block: Buckler           |       |    40 ||    40

Table legend: (Time is in decaauts)
 A = Elapsed time spent in this place.
 B = Non-inter-level travel time spent in this place.
 C = Inter-level travel time spent in this place.
 D = Time resting spent in this place.
 E = Time spent auto-exploring this place.
 F = Levels seen in this place.
 G = Mean time per level.
                   A        B        C        D        E       F      G
               +--------+--------+--------+--------+--------+-----+--------+
         Total |   3965 |   3851 |    114 |     59 |   2784 |   5 |  793.0 |
       Dungeon |   3965 |   3851 |    114 |     59 |   2784 |   5 |  793.0 |
               +--------+--------+--------+--------+--------+-----+--------+

Top non-repeatable levels by time:
     D:2: 1430 daAuts
     D:1: 1272 daAuts
     D:3: 629 daAuts
     D:4: 586 daAuts
     D:5: 46 daAuts
